PL
PORTLAND EVERGREENS @ CHARLESTON BATTERY
09/01/2042
 
TOP OF THE 1ST
Portland Evergreens batting - Pitching for Charleston Battery : RHP Scotty Bingham
Pitching: RHP Scotty Bingham
Batting: RHB Richard Jost 0-0: Ball
1-0: Called Strike
1-1: Foul Ball, location: 2F
1-2: Foul Ball, location: 2F
1-2: Foul Ball, location: 2F
1-2: Strikes out looking
Batting: LHB Fernando Soto 0-0: Ball
1-0: Called Strike
1-1: Swinging Strike
1-2: Foul Ball, location: 2F
1-2: Foul Ball, location: 2F
1-2: Ball
2-2: Ball
3-2: SINGLE (Groundball, 4D, EV 96.9 MPH)
Batting: RHB Kameron Guangorena 0-0: Called Strike
0-1: Swinging Strike
0-2: Foul Ball, location: 2F
0-2: Ball
1-2: Strikes out swinging
Batting: SHB Tetsu Matsumoto 0-0: Called Strike
0-1: Foul Ball, location: 2F
0-2: Ground out U3 (Groundball, 3, EV 81.9 MPH)
Top of the 1st over - 0 runs, 1 hit, 0 errors, 1 left on base; Portland 0 - Charleston 0
BOTTOM OF THE 1ST
Charleston Battery batting - Pitching for Portland Evergreens : RHP Jason Poulter
Pitching: RHP Jason Poulter
Batting: LHB Rafael Urrutiz 0-0: Ball
1-0: Ball
2-0: Bunt missed!
2-1: Ball
3-1: Ground out 4-3 (Groundball, 4M, EV 104.4 MPH)
Batting: LHB Benno Luby 0-0: Ball
1-0: Foul Ball, location: 2F
1-1: Ball
2-1: Fly out, F8 (Flyball, 8LD, EV 107.5 MPH)
Batting: LHB Joey Coco 0-0: Called Strike
0-1: Ball
1-1: Ball
2-1: Ball
3-1: Base on Balls
Batting: RHB Melvin Thomas 0-0: Called Strike
0-1: Ball
1-1: Called Strike
1-2: Foul Ball, location: 2F
1-2: SINGLE (Line Drive, 89S, EV 95.0 MPH)
Joey Coco to second
Runner from 2nd tries for 3rd, SAFE, no throw by CF
Batting: LHB Datu Lesaca 0-0: Ball
1-0: Ball
2-0: Foul Ball, location: 2F
2-1: Ball
3-1: Base on Balls
Melvin Thomas to second
Batting: RHB Jaime Espinar 0-0: Called Strike
0-1: Ground out 1-3 (Groundball, 13S, EV 62.5 MPH)
Bottom of the 1st over - 0 runs, 1 hit, 0 errors, 3 left on base; Portland 0 - Charleston 0
TOP OF THE 2ND
Portland Evergreens batting - Pitching for Charleston Battery : RHP Scotty Bingham
Batting: LHB Leonid Machehin 0-0: DOUBLE (Line Drive, 9LS, EV 95.0 MPH)
Batting: SHB Yosuke Daisen 0-0: Ball
1-0: Ball
2-0: Ground out 1-3 (Groundball, 34S, EV 70.6 MPH)
Leonid Machehin to third
Batting: RHB David Milliken 0-0: Fly out, F6 (Line Drive, 6, EV 67.5 MPH)
Batting: RHB Orlando Samundio 0-0: Ground out 4-3 (Groundball, 4, EV 98.8 MPH)
Top of the 2nd over - 0 runs, 1 hit, 0 errors, 1 left on base; Portland 0 - Charleston 0
BOTTOM OF THE 2ND
Charleston Battery batting - Pitching for Portland Evergreens : RHP Jason Poulter
Batting: RHB Mariano Juderías 0-0: Called Strike
0-1: Fly out, F4 (Popup, 3D, EV 66.9 MPH)
Batting: LHB Alfonso López 0-0: Called Strike
0-1: Foul Ball, location: 2F
0-2: Ground out 5-3 (Groundball, 56, EV 84.4 MPH)
Batting: RHB Uoti Vaijärvi 0-0: Called Strike
0-1: Ball
1-1: Foul Ball, location: 2F
1-2: Foul Ball, location: 2F
1-2: Ground out 5-3 (Groundball, 5, EV 83.1 MPH)
Bottom of the 2nd over - 0 runs, 0 hits, 0 errors, 0 left on base; Portland 0 - Charleston 0
TOP OF THE 3RD
Portland Evergreens batting - Pitching for Charleston Battery : RHP Scotty Bingham
Batting: RHB Dylan Stavely 0-0: Ball
1-0: Swinging Strike
1-1: Called Strike
1-2: Ground out 4-3 (Groundball, 4S, EV 85.0 MPH)
Batting: RHB Richard Jost 0-0: Ball
1-0: Called Strike
1-1: Called Strike
1-2: Strikes out looking
Batting: LHB Fernando Soto 0-0: SOLO HOME RUN (Line Drive, 9D, EV 101.9 MPH), Distance : 371 ft
Batting: RHB Kameron Guangorena 0-0: Swinging Strike
0-1: Swinging Strike
0-2: Ball
1-2: Foul Ball, location: 2F
1-2: Ball
2-2: Ball
3-2: Foul Ball, location: 2F
3-2: Strikes out swinging
Top of the 3rd over - 1 run, 1 hit, 0 errors, 0 left on base; Portland 1 - Charleston 0
BOTTOM OF THE 3RD
Charleston Battery batting - Pitching for Portland Evergreens : RHP Jason Poulter
Batting: LHB Rafael Urrutiz 0-0: Called Strike
0-1: Ball
1-1: Ground out 6-3 (Groundball, 6M, EV 94.4 MPH)
Batting: LHB Benno Luby 0-0: Foul Ball, location: 2F
0-1: Called Strike
0-2: Ball
1-2: SOLO HOME RUN (Flyball, 89XD, EV 98.8 MPH), Distance : 417 ft
Batting: LHB Joey Coco 0-0: Ball
1-0: Called Strike
1-1: Ball
2-1: Fly out, F9 (Line Drive, 9, EV 89.4 MPH)
Batting: RHB Melvin Thomas 0-0: Ball
1-0: Called Strike
1-1: Called Strike
1-2: Fly out, F4 (Line Drive, 4, EV 68.1 MPH)
Bottom of the 3rd over - 1 run, 1 hit, 0 errors, 0 left on base; Portland 1 - Charleston 1
TOP OF THE 4TH
Portland Evergreens batting - Pitching for Charleston Battery : RHP Scotty Bingham
Batting: SHB Tetsu Matsumoto 0-0: Foul Ball, location: 2F
0-1: Ball
1-1: Ground out 1-3 (Groundball, 23, EV 61.9 MPH)
Batting: LHB Leonid Machehin 0-0: Called Strike
0-1: Swinging Strike
0-2: Foul Ball, location: 2F
0-2: Strikes out looking
Batting: SHB Yosuke Daisen 0-0: Ball
1-0: SINGLE (Line Drive, 8RS, EV 88.8 MPH)
Batting: RHB David Milliken 0-0: Ground out 4-3 (Groundball, 4, EV 99.4 MPH)
Top of the 4th over - 0 runs, 1 hit, 0 errors, 1 left on base; Portland 1 - Charleston 1
BOTTOM OF THE 4TH
Charleston Battery batting - Pitching for Portland Evergreens : RHP Jason Poulter
Batting: LHB Datu Lesaca 0-0: Ball
1-0: Called Strike
1-1: Ball
2-1: Foul Ball, location: 2F
2-2: Fly out, F7 (Flyball, 7S, EV 76.2 MPH)
Batting: RHB Jaime Espinar 0-0: Ball
1-0: Foul Ball, location: 2F
1-1: Fly out, F7 (Flyball, 7LS, EV 85.0 MPH)
Batting: RHB Mariano Juderías 0-0: Ball
1-0: Foul Ball, location: 2F
1-1: Fly out, F4 (Popup, 3S, EV 73.8 MPH)
Bottom of the 4th over - 0 runs, 0 hits, 0 errors, 0 left on base; Portland 1 - Charleston 1
TOP OF THE 5TH
Portland Evergreens batting - Pitching for Charleston Battery : RHP Scotty Bingham
Batting: RHB Orlando Samundio 0-0: Fly out, F8 (Line Drive, 8RM, EV 106.2 MPH)
Batting: RHB Dylan Stavely 0-0: Foul Ball, location: 2F
0-1: Ball
1-1: Fly out, F7 (Flyball, 7LD, EV 106.9 MPH)
Batting: RHB Richard Jost 0-0: Foul Ball, location: 2F
0-1: Foul Ball, location: 2F
0-2: Ball
1-2: SINGLE (Line Drive, 4M, EV 98.1 MPH)
Batting: LHB Fernando Soto 0-0: Swinging Strike
0-1: SINGLE (Groundball, 34D, EV 100.6 MPH)
Richard Jost to second
Runner from 2nd tries for 3rd, SAFE, no throw by RF
Batting: RHB Kameron Guangorena 0-0: Called Strike
0-1: Ball
1-1: Ball
2-1: Swinging Strike
2-2: SINGLE (Line Drive, 89S, EV 91.9 MPH)
Richard Jost scores
Fernando Soto to second
Runner from 2nd tries for 3rd, SAFE, throw by RF made to third
Batting: SHB Tetsu Matsumoto 0-0: Ball
1-0: Called Strike
1-1: Fielders Choice at 2nd, 6-4 (Groundball, 6, EV 87.5 MPH)
Top of the 5th over - 1 run, 3 hits, 0 errors, 2 left on base; Portland 2 - Charleston 1
BOTTOM OF THE 5TH
Charleston Battery batting - Pitching for Portland Evergreens : RHP Jason Poulter
Batting: LHB Alfonso López 0-0: Called Strike
0-1: Ball
1-1: Foul Ball, location: 2F
1-2: Foul Ball, location: 2F
1-2: Ball
2-2: Strikes out swinging
Batting: RHB Uoti Vaijärvi 0-0: SINGLE (Groundball, 4MD, EV 96.2 MPH)
Batting: LHB Rafael Urrutiz 0-0: Ball
1-0: Ball
2-0: Called Strike
2-1: Fly out, F9 (Flyball, 89S, EV 75.0 MPH)
Batting: LHB Benno Luby 0-0: SINGLE (Flyball, 56D, EV 97.5 MPH)
Uoti Vaijärvi to second
Batting: LHB Joey Coco 0-0: Ball
1-0: Ball
2-0: Foul Ball, location: 2F
2-1: Foul Ball, location: 2F
2-2: Ball
3-2: Ground out 4-3 (Groundball, 4, EV 103.1 MPH)
Bottom of the 5th over - 0 runs, 2 hits, 0 errors, 2 left on base; Portland 2 - Charleston 1
TOP OF THE 6TH
Portland Evergreens batting - Pitching for Charleston Battery : RHP Scotty Bingham
Batting: LHB Leonid Machehin 0-0: SINGLE (Groundball, 6MD, EV 103.8 MPH)
Batting: SHB Yosuke Daisen 0-0: Called Strike
0-1: Foul Ball, location: 2F
0-2: Fly out, F7 (Line Drive, 7, EV 94.4 MPH)
Batting: RHB David Milliken 0-0: Foul Ball, location: 2F
0-1: Ball
1-1: SINGLE (Groundball, 4MD, EV 97.5 MPH)
Leonid Machehin to second
Runner from 2nd tries for 3rd, SAFE, throw by CF made to third
Batting: RHB Orlando Samundio 0-0: Ball
1-0: Fly out, F7 (Line Drive, 7, EV 93.8 MPH)
Runner from 3rd tags up, SCORES, throw by LF
Batting: RHB Dylan Stavely 0-0: Ball
1-0: Ball
2-0: Foul Ball, location: 2F
2-1: Swinging Strike
2-2: Ball
3-2: Strikes out swinging
Top of the 6th over - 1 run, 2 hits, 0 errors, 1 left on base; Portland 3 - Charleston 1
BOTTOM OF THE 6TH
Charleston Battery batting - Pitching for Portland Evergreens : RHP Jason Poulter
Batting: RHB Melvin Thomas 0-0: Called Strike
0-1: Swinging Strike
0-2: Hit by Pitch
Batting: LHB Datu Lesaca 0-0: Ball
1-0: Swinging Strike
1-1: Fly out, F8 (Flyball, 8RXD, EV 99.4 MPH)
Batting: RHB Jaime Espinar 0-0: Fly out, F6 (Popup, 4MD, EV 42.5 MPH)
Batting: RHB Mariano Juderías 0-0: Called Strike
0-1: Ball
1-1: Called Strike
1-2: Strikes out looking
Bottom of the 6th over - 0 runs, 0 hits, 0 errors, 1 left on base; Portland 3 - Charleston 1
TOP OF THE 7TH
Portland Evergreens batting - Pitching for Charleston Battery : RHP Scotty Bingham
Batting: RHB Richard Jost 0-0: Ball
1-0: Ball
2-0: Called Strike
2-1: Swinging Strike
2-2: Foul Ball, location: 2F
2-2: Ground out 6-3 (Groundball, 6, EV 88.8 MPH)
Batting: LHB Fernando Soto 0-0: Called Strike
0-1: Fly out, F8 (Flyball, 89M, EV 90.6 MPH)
Batting: RHB Kameron Guangorena 0-0: Ball
1-0: Ball
2-0: Foul Ball, location: 2F
2-1: Ball
3-1: Fly out, F8 (Flyball, 89M, EV 95.6 MPH)
Top of the 7th over - 0 runs, 0 hits, 0 errors, 0 left on base; Portland 3 - Charleston 1
BOTTOM OF THE 7TH
Charleston Battery batting - Pitching for Portland Evergreens : RHP Jason Poulter
Batting: LHB Alfonso López 0-0: Swinging Strike
0-1: Ball
1-1: Reached on error, E6 (Groundball, 6, EV 83.1 MPH)
Pitching: RHP Mark Robinson
Batting: RHB Uoti Vaijärvi 0-0: Foul Ball, location: 2F
0-1: Called Strike
0-2: Strikes out swinging
Batting: LHB Rafael Urrutiz 0-0: Called Strike
0-1: Called Strike
Alfonso López steals 3rd base
0-2: Ball
1-2: Ball
2-2: Fly out, F6 (Popup, 6MS, EV 60.0 MPH)
Batting: LHB Benno Luby 0-0: Ball
1-0: Ball
2-0: Swinging Strike
2-1: Ball
3-1: Base on Balls
Batting: LHB Joey Coco 0-0: Fly out, F9 (Flyball, 9LM, EV 95.0 MPH)
Bottom of the 7th over - 0 runs, 0 hits, 1 error, 2 left on base; Portland 3 - Charleston 1
TOP OF THE 8TH
Portland Evergreens batting - Pitching for Charleston Battery : RHP Scotty Bingham
Pitching: RHP Dan Bond
Batting: SHB Tetsu Matsumoto 0-0: Called Strike
0-1: Ball
1-1: Swinging Strike
1-2: Foul Ball, location: 2F
1-2: Strikes out swinging
Batting: LHB Leonid Machehin 0-0: Ball
1-0: Called Strike
1-1: Ball
2-1: Ground out 1-3 (Groundball, P, EV 91.9 MPH)
Batting: SHB Yosuke Daisen 0-0: Called Strike
0-1: Ball
1-1: Ball
2-1: Ball
3-1: Foul Ball, location: 2F
3-2: Foul Ball, location: 2F
3-2: Strikes out swinging
Top of the 8th over - 0 runs, 0 hits, 0 errors, 0 left on base; Portland 3 - Charleston 1
BOTTOM OF THE 8TH
Charleston Battery batting - Pitching for Portland Evergreens : RHP Mark Robinson
Batting: RHB Melvin Thomas 0-0: Ball
1-0: Foul Ball, location: 2F
1-1: Fly out, F9 (Flyball, 9LS, EV 78.8 MPH)
Batting: LHB Datu Lesaca 0-0: Called Strike
0-1: Foul Ball, location: 2F
0-2: Strikes out swinging
Batting: RHB Jaime Espinar 0-0: Called Strike
0-1: Ball
1-1: Fly out, F7 (Flyball, 7, EV 93.8 MPH)
Bottom of the 8th over - 0 runs, 0 hits, 0 errors, 0 left on base; Portland 3 - Charleston 1
TOP OF THE 9TH
Portland Evergreens batting - Pitching for Charleston Battery : RHP Dan Bond
Batting: RHB David Milliken 0-0: Ball
1-0: Foul Ball, location: 2F
1-1: Foul Ball, location: 2F
1-2: Ball
2-2: Ball
3-2: Fly out, F8 (Flyball, 89M, EV 94.4 MPH)
Batting: RHB Orlando Samundio 0-0: Ball
1-0: SINGLE (Groundball, 6MD, EV 104.4 MPH)
Batting: RHB Dylan Stavely 0-0: Ball
1-0: Ball
2-0: Called Strike
2-1: Foul Ball, location: 2F
2-2: Ball
3-2: Strikes out swinging
Batting: RHB Richard Jost 0-0: Foul Ball, location: 2F
0-1: Swinging Strike
0-2: Ball
1-2: Strikes out swinging
Top of the 9th over - 0 runs, 1 hit, 0 errors, 1 left on base; Portland 3 - Charleston 1
BOTTOM OF THE 9TH
Charleston Battery batting - Pitching for Portland Evergreens : RHP Mark Robinson
Pitching: RHP Joo-hyun Pak
Batting: RHB Mariano Juderías 0-0: Ball
1-0: Foul Ball, location: 2F
1-1: Ball
2-1: Foul Ball, location: 2F
2-2: Foul Ball, location: 2F
2-2: Fly out, F7 (Flyball, 78D, EV 90.6 MPH)
Batting: LHB Alfonso López 0-0: Ball
1-0: Ball
2-0: Ball
3-0: Called Strike
3-1: Base on Balls
Pinch Hitting: RHB Júlio Salazar 0-0: Called Strike
0-1: Foul Ball, location: 2F
0-2: Ball
1-2: SINGLE (Line Drive, 78S, EV 106.9 MPH)
Alfonso López to second
Pitching: LHP Raúl Romero
Batting: LHB Rafael Urrutiz 0-0: Ball
1-0: Foul Ball, location: 2F
1-1: Ball
2-1: Swinging Strike
2-2: Ball
3-2: Strikes out swinging
Batting: LHB Benno Luby 0-0: Called Strike
0-1: Ball
1-1: Ball
2-1: Called Strike
2-2: Foul Ball, location: 2F
2-2: Foul Ball, location: 2F
2-2: Strikes out swinging
Bottom of the 9th over - 0 runs, 1 hit, 0 errors, 2 left on base; Portland 3 - Charleston 1
Friday, March 26th, 2021 - OOTP Baseball 20.8 Build 74